 Dungeon Crawl Stone Soup version 0.32-a0-314-g526f7d4993 (webtiles) character file.

Game seed: 2128038345086112521

107 Xavori the Cudgeller (level 4, -9/40 HPs)
             Began as a Mountain Dwarf Chaos Knight on Feb 16, 2024.
             Was a Plaything of Xom.
             Killed by divine providence
             ... invoked by an orc priest
              (13 damage)
             ... on level 4 of the Dungeon.
             The game lasted 00:02:48 (9178 turns).

Xavori the Cudgeller (Mountain Dwarf Chaos Knight)  Turns: 9178, Time: 00:02:48

Health: -9/40      AC: 13    Str: 17    XL:     4   Next: 56%
Magic:  4/4        EV:  7    Int: 12    God:    Xom [.*....]
Gold:   720        SH:  0    Dex:  7    Spells: 2/4 levels left

rFire   . . .        a - +0 mace (chaos)
rCold   . . .        (no shield)
rNeg    + . .        m - +4 chain mail
rPois   .            (no helmet)
rElec   .            (no cloak)
rCorr   .            (no gloves)
SInv    .            (no boots)
Will    .....        (no amulet) Stlth
                     f - ring of positive energy
HPRegen 0.26/turn    (no ring)
MPRegen 0.09/turn

%: no passive effects
@: mighty
A: runic magic, artefact enchanting, clumsy 1, screaming 1
a: Renounce Religion


You were on level 4 of the Dungeon.
You worshipped Xom.
You were a plaything of Xom.
You visited 1 branch of the dungeon, and saw 4 of its levels.

You collected 869 gold pieces.
You spent 149 gold pieces at shops.

Inventory:

Hand Weapons
 a - a +0 mace of chaos (weapon)
Armour
 b - a +2 leather armour
 m - a +4 chain mail (worn)
Jewellery
 f - a ring of positive energy (left hand)
Scrolls
 c - a scroll of butterflies
 d - a scroll of enchant weapon
 e - 2 scrolls of identify
 j - a scroll of fear
 k - 2 scrolls of fog
 l - 3 scrolls of immolation
 q - a scroll of enchant armour
Potions
 g - a potion of curing {unknown}
 n - a potion of invisibility {unknown}
 o - a potion of berserk rage {unknown}
 p - a potion of magic {unknown}


   Skills:
 + Level 4.0 Fighting
 + Level 4.4 Maces & Flails
 + Level 3.1 Armour
 + Level 1.6 Dodging
 * Level 0.6 Spellcasting
 + Level 0.2 Translocations


You had 2 spell levels left.
You knew the following spells:

 Your Spells              Type           Power      Damage    Failure   Level
a - Blink                 Tloc           2%         N/A       58%         2

Your spell library contained the following spells:

 Spells                   Type           Power      Damage    Failure   Level
 Lesser Beckoning         Tloc           2%         N/A       58%         2
 Momentum Strike          Conj/Tloc      0%         3d8       63%         2
 Hailstorm                Conj/Ice       0%         3d5       86%         3
 Summon Ice Beast         Ice/Summ       0%         N/A       86%         3
 Sculpt Simulacrum        Ice/Alch       0%         N/A       100%        6


Dungeon Overview and Level Annotations

Branches:
Dungeon (4/15)
 Temple: D:4-7

Altars:
Kikubaaqudgha
Uskayaw
Vehumet
Xom
The Shining One

Shops:
D:4 ?


Innate Abilities, Weirdness & Mutations

Your spellcasting is much less encumbered by armour.
You can use scrolls of enchantment on lesser artefacts.
You are clumsy. (Dex -2)
You occasionally shout uncontrollably at your foes.


Message History

The giant cockroach barely misses you. The giant cockroach closely misses you.
The orc hits you but does no damage.
You hear some strange, mumbled words.
A magic dart appears from out of thin air!
The magic dart hits you!
* * * LOW HITPOINT WARNING * * *
Something hits you but does no damage. The orc priest barely misses you.
The giant cockroach attacks as it pursues you!
The giant cockroach bites you but does no damage.
The orc priest attacks as it pursues you!
The orc priest hits you but does no damage.
Something hits you but does no damage.
The giant cockroach waves its antennae.
The giant cockroach attacks as it pursues you!
The giant cockroach bites you but does no damage.
Xom rains down devastation!
The fireball engulfs the orc priest.
The fireball engulfs the giant cockroach!
The giant cockroach dies!
The fireball engulfs the orc.
The fireball engulfs something! x2
Reactivating autopickup.
You feel a bit more experienced.
The fireball engulfs the orc priest.
The fireball engulfs the orc.
The fireball engulfs the orc!
The orc dies!
The fireball engulfs the orc priest.
You feel a bit more experienced.
The orc priest calls down the wrath of Beogh upon you.
Pain shoots through your body!
* * * LOW HITPOINT WARNING * * *
It was a potion of might.
You feel very mighty all of a sudden.
The orc priest hits you but does no damage.
You barely miss the orc priest.
The orc priest is heavily wounded.
The orc priest barely misses you.
The orc priest hits you but does no damage.
You closely miss the orc priest.
The orc priest is heavily wounded.
The orc priest calls down the wrath of Beogh upon you.
Beogh smites you!
You die...

#...................#..
#...................#..
#........ .........'..
#...... .........#..
#....# .........#..
#..))##+####+####...#..
#...†##)..##...###'####
#......).......#.......
#....o@........#.......
#..............#.......
#....##..<######.......
#!...##...#...)........
#....##...#............
#....##...#..........##
#....#....'..........+
#....#....#..........#
+....#....#.....######


You could see an orc priest.

Vanquished Creatures
  A river rat (D:1)
  An adder (D:3)
  3 dart slugs
  A ribbon worm (D:3)
  An orc (D:3)
  6 endoplasms
  A giant cockroach (D:3)
  6 goblins
  3 hobgoblins (D:2)
  5 kobolds
  4 quokkas
  2 ball pythons
  5 bats
  A frilled lizard (D:3)
  4 rats
44 creatures vanquished.

Vanquished Creatures (others)
  2 orc wizards (D:4)
  An orc (D:4)
  A giant cockroach (D:4)
4 creatures vanquished.

Grand Total: 48 creatures vanquished

Notes
Turn   | Place    | Note
-------+----------+-------------------------------------------
     0 | D:1      | Xavori the Mountain Dwarf Chaos Knight began the quest for
                  | the Orb.
     0 | D:1      | Reached XP level 1. HP: 19/19 MP: 1/1
    83 | D:1      | XOM: smoke on damage
    89 | D:1      | Reached XP level 2. HP: 15/26 MP: 2/2
   201 | D:1      | Reached skill level 1 in Dodging
   220 | D:1      | XOM: scenery: summon butterflies
   271 | D:1      | XOM: smoke on damage
   310 | D:1      | Reached XP level 3. HP: 33/33 MP: 3/3
   472 | D:1      | XOM: smoke on damage
   538 | D:1      | XOM: scenery: summon butterflies
   771 | D:1      | XOM: god gift: 3 scrolls labelled DIUBEU GISEERE {god gift}
   964 | D:1      | XOM: give mutations
   964 | D:1      | Gained mutation: You occasionally shout uncontrollably at
                  | your foes. [Xom's mischief]
   964 | D:1      | Gained mutation: You are clumsy. (Dex -2) [Xom's mischief]
  1092 | D:1      | XOM is BORED!
  1621 | D:1      | XOM: divination: detect creatures
  1683 | D:1      | XOM: god gift: scroll labelled JURI KESOZOB {god gift}
  2513 | D:1      | XOM: noise
  4320 | D:1      | XOM: summons 2 hostile demons
  4565 | D:1      | XOM: god gift: scroll labelled CITYQI VIKLE {god gift}
  5665 | D:1      | XOM: scenery: create altars
  5906 | D:1      | XOM: god gift: scroll labelled VEAVAH CUSI {god gift}
  5992 | D:1      | XOM is BORED!
  6696 | D:1      | XOM: god gift: 741 gold pieces
  7587 | D:1      | XOM: god gift: shiny chain mail {god gift}
  7903 | D:2      | Reached XP level 4. HP: 40/40 MP: 4/4
  8197 | D:2      | XOM: summons 3 hostile demons
  8225 | D:2      | XOM: silly message
  8276 | D:2      | XOM: cloud trail
  8280 | D:2      | Learned a level 2 spell: Blink
  8394 | D:3      | Found a hide-covered altar of Uskayaw.
  8395 | D:3      | XOM: scenery: 1 doors close
  8542 | D:3      | Found a glowing golden altar of the Shining One.
  8542 | D:3      | Found an ancient bone altar of Kikubaaqudgha.
  8542 | D:3      | Found a radiant altar of Vehumet.
  9100 | D:4      | Found Unahuer's Magic Scroll Shop.
  9106 | D:4      | Bought a scroll of fear for 52 gold pieces
  9106 | D:4      | Bought a scroll of enchant armour for 97 gold pieces
  9165 | D:4      | XOM: 8-stop teleportation journey
  9173 | D:4      | XOM: destruction
  9173 | D:4      | HP: 2/40 [orc priest/nerve-wracking pain (7)]
  9178 | D:4      | Killed from afar by an orc priest

Illustrated notes

Levels and vault maps discovered:
D:1:      minmay_arrival_hallway, layout_loops_ring, minivault_5,
          chequers_arboretum
D:2:      layout_loops_ring, kennysheep_nub
D:3:      layout_loops_ring, lemuel_doored_altar,
          gammafunk_temple_overflow_forgotten
D:4:      layout_gridville, serial_shops,
          nicolae_shop_competitors_out_of_business, uniq_natasha

Skill      XL: |  1  2  3  4 |
---------------+-------------+-----
Dodging        | 1 |  1.6
Maces & Flails | 4 |  4.4
Armour         | 3 |  3.1
Fighting       | 4 |  4.0
Spellcasting   | |  0.6
Translocations | |  0.2

Action                     |  1- 3 |  4- 6 || total
---------------------------+-------+-------++-------
  Melee: Mace              |    86 |    72 ||   158
    Use: Scroll            |     3 |     4 ||     7
         Potion            |       |     2 ||     2
 Armour: Leather armour    |    35 |       ||    35
         Chain mail        |    20 |    74 ||    94
  Dodge: Dodged            |    48 |    34 ||    82

Table legend: (Time is in decaauts)
 A = Elapsed time spent in this place.
 B = Non-inter-level travel time spent in this place.
 C = Inter-level travel time spent in this place.
 D = Time resting spent in this place.
 E = Time spent auto-exploring this place.
 F = Levels seen in this place.
 G = Mean time per level.
                   A        B        C        D        E       F      G
               +--------+--------+--------+--------+--------+-----+--------+
         Total |   9210 |   9067 |    143 |   6744 |   1888 |   4 | 2302.5 |
       Dungeon |   9210 |   9067 |    143 |   6744 |   1888 |   4 | 2302.5 |
               +--------+--------+--------+--------+--------+-----+--------+

Top non-repeatable levels by time:
     D:1: 7559 daAuts
     D:2: 815 daAuts
     D:3: 754 daAuts
     D:4: 81 daAuts
